[Event "Titled Tuesday Blitz October 18 Late 2022"]
[White "Petrova, Irina"]
[Black "Yuan, Qingyu"]
[WhiteFideId "14124122"]
[BlackFideId "8609772"]
[WhiteElo "2023"]
[BlackElo "2359"]
[Result "0-1"]
[Round "05"]
[TimeControl "180+1"]
[Date "2022.10.18"]
[WhiteClock "0:00:13"]
[BlackClock "0:00:55"]

1. e4 c6 2. d4 d5 3. Nc3 dxe4 4. Nxe4 Nf6 5. Nxf6+ exf6 6. Be3 Bd6 7. Bd3 O-O 8. Ne2 Re8 9. O-O Nd7 10. Qd2 Nf8 11. Bf4 g6 12. c3 Bg4 13. Rfe1 Bxe2 14. Rxe2 Rxe2 15. Bxe2 Ne6 16. Bxd6 Qxd6 17. Re1 Re8 18. Bc4 Nc7 19. Rxe8+ Nxe8 20. h3 f5 21. Qe3 Nf6 22. Qe5 Qxe5 23. dxe5 Ne4 24. f3 Nc5 25. b3 b5 26. Be2 f4 27. g3 g5 28. h4 h6 29. hxg5 hxg5 30. gxf4 gxf4 31. Kg2 Nd7 32. Bd3 Nxe5 33. Be4 Kg7 34. Kf2 Kf6 35. Ke2 Kg5 36. Kf2 Kh4 37. Bf5 Kg5 38. Be4 Kf6 39. Kg2 Ke6 40. Kf2 a5 41. Ke2 b4 42. cxb4 axb4 43. Bc2 Kd6 44. Be4 Kc5 45. Kd2 Kd4 46. Kc2 Ke3 47. Kb2 c5 48. a4 bxa3+ 49. Kxa3 Nxf3 50. Ka4 Kxe4 0-1


[Site "https://www.chess.com"]

[Event "Titled Tuesday Blitz October 18 Late 2022"]
[White "Pinheiro, Iung Alicio de O."]
[Black "Manukian, Artak"]
[WhiteFideId "2104350"]
[BlackFideId "13301373"]
[WhiteElo "2624"]
[BlackElo "2474"]
[Result "1-0"]
[Round "05"]
[TimeControl "180+1"]
[Date "2022.10.19"]
[WhiteClock "0:00:09"]
[BlackClock "0:00:03"]

1. e4 c6 2. Nf3 d5 3. Nc3 dxe4 4. Nxe4 Nf6 5. Qe2 Nxe4 6. Qxe4 Qa5 7. Bc4 Qf5 8. Qh4 Be6 9. b3 Bxc4 10. Qxc4 Nd7 11. Bb2 Qd5 12. Qe2 O-O-O 13. O-O-O f6 14. d4 h5 15. h4 g6 16. Kb1 Bh6 17. Qxe7 Rhe8 18. Qh7 Bf8 19. Qxg6 Re2 20. Rhf1 a5 21. a4 Bb4 22. Qd3 Rde8 23. Bc1 R2e7 24. Bd2 Bxd2 25. Nxd2 b5 26. axb5 cxb5 27. Kb2 Nb6 28. Qc3+ Kb7 29. Nf3 a4 30. Qc5 axb3 31. Qxd5+ Nxd5 32. Kxb3 Rc8 33. Rd3 Rec7 34. Rc1 Nf4 35. Re3 Nxg2 36. Re6 Rc6 37. Rxc6 Rxc6 38. c3 Nf4 39. Nd2 Nd3 40. Ra1 Nxf2 41. Rf1 Ng4 42. Ne4 Kc7 43. Nc5 1-0


[Site "https://www.chess.com"]

[Event "Titled Tuesday Blitz October 18 Late 2022"]
[White "Poliakova, Varvara"]
[Black "Goryachkina, Aleksandra"]
[WhiteFideId "13518313"]
[BlackFideId "4147103"]
[WhiteElo "2499"]
[BlackElo "2675"]
[Result "0-1"]
[Round "05"]
[TimeControl "180+1"]
[Date "2022.10.19"]
[WhiteClock "0:00:05"]
[BlackClock "0:00:08"]

1. e4 c5 2. Nf3 e6 3. d4 cxd4 4. Nxd4 Nf6 5. Nc3 Nc6 6. Ndb5 d6 7. Bf4 e5 8. Bg5 a6 9. Na3 b5 10. Nd5 Be7 11. Bxf6 Bxf6 12. c3 Rb8 13. Nc2 Bg5 14. g3 O-O 15. Bg2 Be6 16. O-O Qd7 17. h4 Bd8 18. Kh2 a5 19. a3 Kh8 20. Nce3 b4 21. axb4 axb4 22. Qd3 bxc3 23. bxc3 Bb6 24. Rfd1 Bc5 25. Rd2 Ne7 26. Nxe7 Qxe7 27. Nd5 Qd7 28. Ne3 g6 29. Nc4 Rbd8 30. Rad1 Qe7 31. Ne3 f5 32. exf5 gxf5 33. Nd5 Qf7 34. Bh3 f4 35. Bxe6 Qxe6 36. gxf4 Rf5 37. Qh3 Rdf8 38. Ne3 Bxe3 39. fxe3 exf4 40. exf4 Qe4 41. Rd4 Qe2+ 42. Qg2 Qh5 43. Qg3 Rg8 44. Qe1 Qf3 45. R1d2 Rxf4 46. Rxf4 Qxf4+ 47. Kh1 Qg4 48. Qf2 Qh3+ 49. Qh2 Qf1+ 0-1


[Site "https://www.chess.com"]

[Event "Titled Tuesday Blitz October 18 Late 2022"]
[White "Pranav, V"]
[Black "Timmermans, Mark"]
[WhiteFideId "25060783"]
[BlackFideId "1026399"]
[WhiteElo "2430"]
[BlackElo "2460"]
[Result "1/2-1/2"]
[Round "05"]
[TimeControl "180+1"]
[Date "2022.10.18"]
[WhiteClock "0:00:05"]
[BlackClock "0:00:12"]

1. e4 e5 2. Nf3 Nc6 3. Bb5 f5 4. d3 fxe4 5. dxe4 Nf6 6. Nc3 Bb4 7. O-O Bxc3 8. bxc3 d6 9. Qd3 O-O 10. a4 Kh8 11. Bg5 Qe8 12. Nd2 Qg6 13. Bh4 Nh5 14. Bg3 Nf4 15. Bxf4 Rxf4 16. f3 Be6 17. Bxc6 bxc6 18. Qa6 Qe8 19. Rab1 Rf8 20. Qa5 Qc8 21. Rb2 c5 22. Rfb1 Bd7 23. Rb7 Bc6 24. Rxc7 Qd8 25. Nb3 Bxa4 26. Ra1 Bxb3 27. cxb3 a6 28. Rc6 Qg5 29. Rxd6 Rxf3 30. Rxa6 Raf8 31. Ra8 Qe3+ 32. Kh1 Qxe4 33. Rxf8+ Rxf8 34. Qxc5 Rd8 35. h3 h6 36. Rf1 Rd3 37. Kh2 Kh7 38. b4 Rd2 39. Rf2 Rd1 40. Qf8 Rc1 41. Qf3 Qb1 42. Qf5+ Qxf5 43. Rxf5 Rxc3 44. Rxe5 Rb3 45. b5 Kg6 46. Rc5 Kf6 47. h4 g6 48. g3 h5 49. Rc6+ Kf5 50. b6 Rb2+ 51. Kh3 g5 52. Rc5+ Kg6 53. Rxg5+ Kh6 54. Rg8 Rxb6 55. Rh8+ Kg6 56. Rf8 Rb2 57. Rf4 Rc2 58. Rf1 Rb2 59. Rg1 Rc2 60. Rg2 Rc3 61. Kh2 Rc1 62. Rf2 Rb1 63. Kg2 Rb3 64. Ra2 Rc3 65. Ra6+ Kg7 66. Ra5 Kg6 67. Rg5+ Kh6 68. Re5 Kg6 69. Kf2 Rb3 70. Re3 Rb4 71. Kf3 Ra4 72. Re5 Ra3+ 73. Kf4 Ra4+ 74. Re4 Ra6 75. Rd4 Rf6+ 76. Ke5 Rf1 77. Rd6+ Kg7 78. Ke4 Rf2 79. Ke5 Rf3 80. Rd7+ Kg6 81. Rd8 Kg7 82. Rd7+ Kg6 83. Rd6+ Kg7 84. Rd7+ 1/2-1/2


[Site "https://www.chess.com"]

[Event "Titled Tuesday Blitz October 18 Late 2022"]
[White "Priasmoro, Novendra"]
[Black "Pap, Gyula"]
[WhiteFideId "7105029"]
[BlackFideId "725323"]
[WhiteElo "2412"]
[BlackElo "2519"]
[Result "0-1"]
[Round "05"]
[TimeControl "180+1"]
[Date "2022.10.18"]
[WhiteClock "0:00:04"]
[BlackClock "0:01:40"]

1. e4 e5 2. Nf3 Nc6 3. Bb5 a6 4. Ba4 d6 5. O-O Bg4 6. h3 Bh5 7. Bxc6+ bxc6 8. d3 c5 9. Be3 Ne7 10. Nbd2 Nc6 11. c3 Be7 12. Qa4 Qd7 13. d4 exd4 14. cxd4 Nxd4 15. Qxd7+ Kxd7 16. Nxd4 cxd4 17. Bxd4 f6 18. Rfc1 Rhb8 19. Nc4 a5 20. Rc2 a4 21. Rac1 Bf7 22. a3 c5 23. Be3 Bxc4 24. Rxc4 Rxb2 25. Rd1 Kc6 26. Rd3 Rb3 27. Rcc3 Rab8 28. Bc1 Rxc3 29. Rxc3 d5 30. exd5+ Kxd5 31. Rd3+ Kc6 32. Rg3 Rb1 33. Rc3 Kd5 34. Kh2 Bd6+ 35. g3 c4 36. Rc2 Rb3 37. Rd2+ Rd3 38. Rb2 Bxa3 39. Rb5+ Kc6 40. Rb4 Bxb4 0-1


[Site "https://www.chess.com"]

[Event "Titled Tuesday Blitz October 18 Late 2022"]
[White "Prydun, Andriy"]
[Black "Jaferian, Koosha"]
[WhiteFideId "14145898"]
[BlackFideId "12507440"]
[WhiteElo "2358"]
[BlackElo "2703"]
[Result "0-1"]
[Round "05"]
[TimeControl "180+1"]
[Date "2022.10.19"]
[WhiteClock "0:00:03"]
[BlackClock "0:00:20"]

1. e4 c6 2. d4 d5 3. e5 Bf5 4. Bd3 Bxd3 5. cxd3 e6 6. Nc3 Ne7 7. h4 h5 8. Nf3 Nf5 9. g3 Nd7 10. Ne2 Bb4+ 11. Kf1 O-O 12. Kg2 Be7 13. Bg5 c5 14. Rb1 cxd4 15. Qd2 Qb8 16. Bxe7 Nxe7 17. Qg5 Nf5 18. Qxh5 Nxe5 19. Nxe5 Qxe5 20. Qf3 Rac8 21. Rbc1 Qf6 22. Nf4 Rc6 23. Nh5 Qg6 24. Nf4 Qf6 25. Nh5 Qe5 26. Rce1 Qc7 27. g4 Nh6 28. g5 Nf5 29. Qg4 Rc2 30. Nf6+ gxf6 31. gxf6+ Kh7 32. Qh5+ Nh6 33. Re5 Rxf2+ 34. Kxf2 Qxe5 35. Qg5 Qe3+ 36. Qxe3 dxe3+ 37. Kxe3 Nf5+ 38. Kf4 Rg8 0-1


[Site "https://www.chess.com"]

[Event "Titled Tuesday Blitz October 18 Late 2022"]
[White "Pultinevicius, Paulius"]
[Black "Hambleton, Aman"]
[WhiteFideId "12809390"]
[BlackFideId "2606577"]
[WhiteElo "2500"]
[BlackElo "2538"]
[Result "0-1"]
[Round "05"]
[TimeControl "180+1"]
[Date "2022.10.18"]
[WhiteClock "0:00:02"]
[BlackClock "0:00:03"]

1. d4 Nf6 2. c4 e6 3. Nf3 b6 4. g3 Ba6 5. Qa4 Bb7 6. Bg2 c5 7. dxc5 Bxc5 8. O-O O-O 9. Nc3 Be7 10. Rd1 a6 11. Bf4 d6 12. Qc2 Qc7 13. Rac1 Nbd7 14. Qd2 Ne8 15. b4 Qxc4 16. Qb2 Qc8 17. Nd5 Qd8 18. Nxe7+ Qxe7 19. Qd2 e5 20. Bg5 Ndf6 21. Qe3 b5 22. Qb6 Be4 23. Nh4 Bxg2 24. Kxg2 Qe6 25. Bxf6 Nxf6 26. Rxd6 Qxa2 27. Nf5 Ne4 28. Rd3 Qe6 29. Rf3 Qxb6 30. Ne7+ Kh8 0-1


[Site "https://www.chess.com"]

[Event "Titled Tuesday Blitz October 18 Late 2022"]
[White "Quispe Santacruz, Javier"]
[Black "Castella Garcia, Fausto"]
[WhiteFideId "3800920"]
[BlackFideId "3501922"]
[WhiteElo "1930"]
[BlackElo "2246"]
[Result "0-1"]
[Round "05"]
[TimeControl "180+1"]
[Date "2022.10.19"]
[WhiteClock "0:00:02"]
[BlackClock "0:00:12"]

1. e4 c5 2. Nf3 d6 3. Bb5+ Bd7 4. Bxd7+ Nxd7 5. c4 Ngf6 6. Nc3 Ne5 7. b3 Nd3+ 8. Ke2 Nf4+ 9. Kf1 e5 10. g3 Nd3 11. Qe2 Nxc1 12. Rxc1 g6 13. Kg2 Bg7 14. h4 O-O 15. Ng5 h6 16. Nf3 Qd7 17. Nh2 a6 18. d3 b5 19. Nd5 Nxd5 20. cxd5 f5 21. h5 g5 22. Nf1 f4 23. f3 g4 24. Nd2 gxf3+ 25. Qxf3 fxg3 26. Qxg3 Rf4 27. Rh4 Raf8 28. Rxf4 Rxf4 29. Kh2 Rg4 30. Qf3 Kh8 31. Nf1 Rf4 32. Qg3 Bf6 33. Ne3 Bh4 34. Qg6 Rf2+ 35. Kg1 Rf6 36. Qg2 Bf2+ 37. Kh1 Bxe3 38. Rg1 Bxg1 39. Qxg1 Qh3+ 40. Qh2 Rf1# 0-1


[Site "https://www.chess.com"]

[Event "Titled Tuesday Blitz October 18 Late 2022"]
[White "Radovic, Janko"]
[Black "Wiebe, Isaac"]
[WhiteFideId "911518"]
[BlackFideId "2623862"]
[WhiteElo "2623"]
[BlackElo "2253"]
[Result "1-0"]
[Round "05"]
[TimeControl "180+1"]
[Date "2022.10.19"]
[WhiteClock "0:01:44"]
[BlackClock "0:00:37"]

1. Nf3 Nf6 2. c4 e6 3. g3 d5 4. Bg2 Be7 5. O-O O-O 6. d4 dxc4 7. Ne5 Nc6 8. Bxc6 bxc6 9. Nxc6 Qe8 10. Nxe7+ Qxe7 11. Qa4 c5 12. dxc5 Qxc5 13. Be3 Qh5 14. Qxc4 Ng4 15. h4 Nxe3 16. fxe3 Bb7 17. Nc3 e5 18. Qd3 Qg4 19. e4 Rad8 20. Qf3 Qxf3 21. exf3 Rd2 22. Rf2 Rfd8 23. Rxd2 Rxd2 24. Rd1 Rxd1+ 25. Nxd1 f5 26. Nc3 fxe4 27. Nxe4 Bd5 28. a3 Kf7 29. Kf2 Ke6 30. Ng5+ Kf5 31. Nxh7 e4 32. fxe4+ Bxe4 33. Ng5 Bc2 34. Nf7 Kg4 35. Nd6 Bd3 36. b4 a6 37. a4 g5 38. hxg5 Kxg5 39. b5 axb5 40. axb5 1-0


[Site "https://www.chess.com"]

[Event "Titled Tuesday Blitz October 18 Late 2022"]
[White "Rangel, Daniel"]
[Black "Sernecki, Franciszek"]
[WhiteFideId "2124475"]
[BlackFideId "1169297"]
[WhiteElo "2225"]
[BlackElo "2209"]
[Result "1-0"]
[Round "05"]
[TimeControl "180+1"]
[Date "2022.10.19"]
[WhiteClock "0:00:08"]
[BlackClock "0:00:11"]

1. c4 c5 2. g3 Nc6 3. Bg2 g6 4. Nf3 Bg7 5. O-O e5 6. d3 Nge7 7. Nc3 d6 8. a3 O-O 9. Rb1 a5 10. Nd5 Rb8 11. Bd2 b5 12. Nxe7+ Qxe7 13. cxb5 Rxb5 14. Ne1 Nd4 15. a4 Rb8 16. Bxa5 Be6 17. Bc3 Bb3 18. Qd2 Bxa4 19. e3 Nb3 20. Qe2 Qd7 21. Bd5 Bc6 22. Bxc6 Qxc6 23. e4 f5 24. Nc2 f4 25. f3 h5 26. Na3 Bh6 27. Nc4 Rf7 28. Kg2 Rbf8 29. Qc2 Nd4 30. Bxd4 exd4 31. b4 d5 32. Ne5 Qe6 33. Nxf7 Rxf7 34. bxc5 dxe4 35. fxe4 Qg4 36. Rf3 fxg3 37. Rxg3 Qf4 38. Qe2 h4 39. Rxg6+ Kh7 40. Rg4 Qe5 41. h3 Qxc5 42. Rf1 Rb7 43. Qf3 Qb6 44. Qf5+ Kh8 45. Qc8+ Kh7 46. Qg8# 1-0


[Site "https://www.chess.com"]

[Event "Titled Tuesday Blitz October 18 Late 2022"]
[White "Rasulov, Vugar"]
[Black "Bellissimo, Joseph F."]
[WhiteFideId "13402390"]
[BlackFideId "2609843"]
[WhiteElo "2905"]
[BlackElo "2507"]
[Result "0-1"]
[Round "05"]
[TimeControl "180+1"]
[Date "2022.10.19"]
[WhiteClock "0:00:16"]
[BlackClock "0:00:05"]

1. Nf3 Nf6 2. g3 d5 3. Bg2 c6 4. O-O Nbd7 5. d4 e6 6. c4 Bd6 7. Nc3 O-O 8. Nd2 Bc7 9. e4 dxe4 10. Ndxe4 Nxe4 11. Nxe4 e5 12. d5 cxd5 13. cxd5 Bb6 14. d6 h6 15. Kh1 f5 16. Nc3 Nf6 17. Be3 Be6 18. Bxb7 Rb8 19. Bxb6 Qxb6 20. Bg2 Rfd8 21. Qe2 e4 22. f3 Qxb2 23. Qxb2 Rxb2 24. fxe4 fxe4 25. Nxe4 Nxe4 26. Bxe4 Rxd6 27. Kg1 Rdd2 28. a4 Rxh2 29. Rad1 Rhd2 30. Rc1 Re2 31. Bf3 Red2 32. Rfd1 Bb3 33. Rxd2 Rxd2 34. Rc8+ Kf7 35. Rc7+ Kf6 36. Rxa7 Ra2 37. a5 Ke5 38. Ra8 Kd4 39. a6 Ke3 40. Bb7 Bd1 41. a7 Bh5 42. Bg2 Rxg2+ 43. Kf1 Ra2 44. Kg1 Ra1+ 45. Kh2 Ra2+ 46. Kh3 g5 47. g4 Bg6 48. Kg3 Be4 49. Rh8 Rg2+ 50. Kh3 Ra2 51. Rxh6 Rxa7 52. Kg3 Ra1 53. Rf6 Rg1+ 54. Kh3 Rh1+ 55. Kg3 Rg1+ 56. Kh3 Bf3 57. Ra6 Kf2 58. Ra2+ Be2 59. Kh2 Rxg4 60. Ra3 Rh4+ 0-1


[Site "https://www.chess.com"]

[Event "Titled Tuesday Blitz October 18 Late 2022"]
[White "Rego, Pedro Filipe"]
[Black "Adewumi, Tanitoluwa"]
[WhiteFideId "1904310"]
[BlackFideId "30966396"]
[WhiteElo "2200"]
[BlackElo "2536"]
[Result "0-1"]
[Round "05"]
[TimeControl "180+1"]
[Date "2022.10.19"]
[WhiteClock "0:00:13"]
[BlackClock "0:01:05"]

1. c4 e5 2. Nc3 Nc6 3. g3 g6 4. Bg2 Bg7 5. e4 d6 6. Nge2 Nf6 7. d3 O-O 8. Rb1 Nd7 9. b4 f5 10. b5 Ne7 11. Bg5 Bf6 12. h4 Nc5 13. Bxf6 Rxf6 14. Qd2 f4 15. gxf4 exf4 16. Bf3 Be6 17. d4 Nd7 18. d5 Ne5 19. Ng1 Bd7 20. Qd4 a6 21. Be2 axb5 22. cxb5 f3 23. Bd1 c5 24. dxc6 bxc6 25. Nh3 Bxh3 26. Rxh3 Qd7 27. Rg3 c5 28. Bb3+ Kg7 29. Qe3 c4 30. Bd1 Ra3 31. Qd4 Rf4 32. h5 Nf5 33. Qd2 Nxg3 34. Qxf4 Nd3+ 0-1


[Site "https://www.chess.com"]

[Event "Titled Tuesday Blitz October 18 Late 2022"]
[White "Rengifo Blancas, Renzo Jhonathan"]
[Black "Chan, Kim Yew"]
[WhiteFideId "3807185"]
[BlackFideId "5717981"]
[WhiteElo "2058"]
[BlackElo "2206"]
[Result "1-0"]
[Round "05"]
[TimeControl "180+1"]
[Date "2022.10.19"]
[WhiteClock "0:00:20"]
[BlackClock "0:00:01"]

1. d4 Nf6 2. c4 e6 3. Nc3 Bb4 4. g3 O-O 5. Bg2 d5 6. Nf3 dxc4 7. O-O Nc6 8. Qa4 a6 9. Bg5 h6 10. Be3 Rb8 11. Ne5 Bxc3 12. Nxc6 Qe8 13. bxc3 Bd7 14. Qxc4 Bxc6 15. Bxc6 Qxc6 16. Qxc6 bxc6 17. Rfb1 Rb6 18. Rb4 Nd5 19. Rc4 Rfb8 20. Kg2 Kf8 21. Bc1 Ke8 22. e4 Nf6 23. Kf3 Kd7 24. Ba3 Rb1 25. Rxb1 Rxb1 26. Ra4 Ra1 27. Bb4 Re1 28. e5 Nd5 29. Bf8 g6 30. Rxa6 Nxc3 31. Bb4 Rc1 32. Ra7 Nd5 33. Bc5 1-0


[Site "https://www.chess.com"]

[Event "Titled Tuesday Blitz October 18 Late 2022"]
[White "Reprintsev, Alexander"]
[Black "Gasparyan, David"]
[WhiteFideId "14100541"]
[BlackFideId "13311980"]
[WhiteElo "2230"]
[BlackElo "2364"]
[Result "0-1"]
[Round "05"]
[TimeControl "180+1"]
[Date "2022.10.19"]
[WhiteClock "0:00:34"]
[BlackClock "0:01:13"]

1. e4 d6 2. d4 g6 3. Nc3 Bg7 4. h4 h6 5. f4 c5 6. dxc5 Qa5 7. Qd3 Nf6 8. Qb5+ Qxb5 9. Bxb5+ Nc6 10. Bxc6+ bxc6 11. cxd6 exd6 12. Nge2 O-O 13. Be3 Re8 14. Ng3 d5 15. e5 Ng4 16. Bd4 f6 17. O-O-O fxe5 18. fxe5 Nxe5 19. h5 g5 20. Rhf1 Bg4 21. Rde1 Nd3+ 22. cxd3 Bxd4 23. Kd2 Rxe1 24. Kxe1 Re8+ 25. Kd2 Be3+ 26. Kc2 Bf4 27. Nh1 Bxh5 28. g3 Be5 29. Na4 Bd4 30. b4 Re2+ 31. Kb3 Rd2 32. Nc5 Bd1+ 33. Ka3 Bb2# 0-1


[Site "https://www.chess.com"]

[Event "Titled Tuesday Blitz October 18 Late 2022"]
[White "Richter, Paul"]
[Black "Bordi, Kevin"]
[WhiteFideId "2046350"]
[BlackFideId "621862"]
[WhiteElo "2588"]
[BlackElo "2780"]
[Result "0-1"]
[Round "05"]
[TimeControl "180+1"]
[Date "2022.10.18"]
[WhiteClock "0:00:07"]
[BlackClock "0:00:49"]

1. e4 d5 2. exd5 Qxd5 3. Nc3 Qa5 4. Bc4 Nf6 5. d3 c6 6. Bd2 Qc7 7. Qe2 b5 8. Bb3 Nbd7 9. d4 e6 10. Nf3 Bd6 11. d5 cxd5 12. Nxb5 Qb8 13. Nxd6+ Qxd6 14. O-O Ba6 15. c4 O-O 16. Rfd1 Rfc8 17. Rac1 Nc5 18. Bb4 Qb6 19. Bxc5 Rxc5 20. Ne5 dxc4 21. Bxc4 Qc7 22. Qd2 Bb7 23. f4 h6 24. Bf1 Rc8 25. Rxc5 Qxc5+ 26. Qd4 Qc2 27. Qd2 Bd5 28. b3 Qc5+ 29. Qd4 Qa3 30. Rd2 Rc1 31. f5 Ne4 32. Rd1 Rxd1 0-1


[Site "https://www.chess.com"]

[Event "Titled Tuesday Blitz October 18 Late 2022"]
[White "Riehle, Marco"]
[Black "Koutlas, Nikolaos"]
[WhiteFideId "12904392"]
[BlackFideId "25827138"]
[WhiteElo "2736"]
[BlackElo "2425"]
[Result "1-0"]
[Round "05"]
[TimeControl "180+1"]
[Date "2022.10.19"]
[WhiteClock "0:01:05"]
[BlackClock "0:00:06"]

1. e4 c5 2. a3 g6 3. h4 Bg7 4. h5 d5 5. exd5 Qxd5 6. Nc3 Qe5+ 7. Be2 Bg4 8. Nf3 Bxf3 9. gxf3 Nc6 10. d3 Nd4 11. Be3 gxh5 12. f4 Qe6 13. Rxh5 Nf6 14. Rh1 Nd5 15. Ne4 Nxe3 16. fxe3 Nf5 17. Qd2 O-O-O 18. O-O-O c4 19. Bg4 Kb8 20. Qb4 cxd3 21. Rxd3 Rxd3 22. cxd3 Qc6+ 23. Kb1 Nxe3 24. Bf3 Qc2+ 25. Ka2 Nd5 26. Qb5 a6 27. Qb3 Qxb3+ 28. Kxb3 Nxf4 29. Nc5 Rc8 30. Rc1 Bd4 31. Nd7+ Ka7 32. Rxc8 Nxd3 33. Rc7 e5 34. Rxb7+ Ka8 35. Rb8+ Ka7 36. Ra8# 1-0


[Site "https://www.chess.com"]

[Event "Titled Tuesday Blitz October 18 Late 2022"]
[White "Roque Sola, Jose Luis"]
[Black "Ismayil, Malak"]
[WhiteFideId "5120390"]
[BlackFideId "13412604"]
[WhiteElo "2117"]
[BlackElo "1879"]
[Result "0-1"]
[Round "05"]
[TimeControl "180+1"]
[Date "2022.10.19"]
[WhiteClock "0:01:09"]
[BlackClock "0:01:50"]

1. c4 e5 2. Nc3 Nf6 3. Nf3 Nc6 4. g3 d5 5. cxd5 Nxd5 6. Nxd5 Qxd5 7. d3 Bb4+ 8. Bd2 Bxd2+ 9. Qxd2 Bg4 10. Bg2 Nd4 11. O-O Nxf3+ 12. exf3 Bxf3 13. Bxf3 Qxf3 14. Rae1 O-O-O 15. Re3 Qd5 16. Qc3 f6 17. Rc1 Rd7 18. a4 Rhd8 19. b4 Qd4 20. Qb3 Qd5 21. b5 Qxb3 0-1


[Site "https://www.chess.com"]

[Event "Titled Tuesday Blitz October 18 Late 2022"]
[White "Rosen, Eric"]
[Black "Naroditsky, Daniel"]
[WhiteFideId "2032562"]
[BlackFideId "2026961"]
[WhiteElo "2362"]
[BlackElo "2628"]
[Result "0-1"]
[Round "05"]
[TimeControl "180+1"]
[Date "2022.10.18"]
[WhiteClock "0:00:01"]
[BlackClock "0:00:10"]

1. d4 d6 2. e4 Nf6 3. Nc3 g6 4. Bf4 Bg7 5. Qd2 c6 6. O-O-O Qa5 7. Kb1 Be6 8. f3 b5 9. Nd5 Qxd2 10. Nxf6+ Bxf6 11. Rxd2 a6 12. c3 Nd7 13. h4 h5 14. Bd3 Nb6 15. Ne2 O-O-O 16. b3 Kb7 17. Be3 Bg7 18. Rc1 c5 19. dxc5 dxc5 20. Bxc5 Bh6 21. f4 Bg4 22. Be3 Rxd3 23. Rxd3 Bxe2 24. Rd2 Bg4 25. g3 Rc8 26. Bd4 f6 27. e5 Nd7 28. exf6 exf6 29. Re1 Bf8 30. Kb2 a5 31. Bf2 Nc5 32. Rd5 Bf3 33. Rd2 f5 34. Bd4 Be4 35. Re3 a4 36. b4 Nd7 37. a3 Be7 38. Rd1 Rc7 39. Rd2 Nb6 40. Bxb6 Kxb6 41. Rd1 Kc6 42. Rd2 Bf6 43. Rd1 Re7 44. Rde1 Rd7 45. R1e2 Rd6 46. Kc1 Rd7 47. Re1 Bd8 48. R1e2 Bb6 49. Rxe4 fxe4 50. Rxe4 Rd3 51. Re6+ Rd6 52. Re8 Bf2 53. Rg8 Bxg3 54. f5 Bf4+ 55. Kc2 gxf5 56. Rf8 Rd2+ 57. Kb1 Rh2 58. Rxf5 Rxh4 59. Kc2 Bd6 60. c4 Rxc4+ 61. Kb2 h4 62. Rh5 Rg4 63. Ka1 Rg1+ 64. Ka2 Rg2+ 65. Kb1 Rh2 66. Kc1 h3 67. Kd1 Rh1+ 68. Ke2 h2 69. Kf2 Ra1 70. Kg2 Rg1+ 71. Kf3 h1=Q+ 72. Kf2 0-1


[Site "https://www.chess.com"]

[Event "Titled Tuesday Blitz October 18 Late 2022"]
[White "Sabar, Ethmane Daouda"]
[Black "Melikhov, Evgeny V."]
[WhiteFideId "19600097"]
[BlackFideId "4122046"]
[WhiteElo "1950"]
[BlackElo "2169"]
[Result "0-1"]
[Round "05"]
[TimeControl "180+1"]
[Date "2022.10.19"]
[WhiteClock "0:00:17"]
[BlackClock "0:00:09"]

1. b3 e5 2. Bb2 Nc6 3. e3 a6 4. c4 d5 5. d4 exd4 6. exd4 Nf6 7. a3 Be7 8. Nf3 O-O 9. Be2 Bf5 10. O-O h6 11. Nc3 Re8 12. Re1 Bh7 13. Ne5 dxc4 14. Nxc6 bxc6 15. bxc4 Rb8 16. Qd2 Bd6 17. Bf3 Rxe1+ 18. Rxe1 Qd7 19. h3 Qf5 20. Bxc6 Qd3 21. Rd1 Qxc4 22. d5 Bf4 23. Qe2 Qxe2 24. Nxe2 Rxb2 25. Nxf4 Ne4 26. Nd3 Ra2 27. Nb4 Rxa3 28. d6 Nxd6 29. Nd5 Rd3 30. Ra1 Be4 31. Ne7+ Kh7 32. Bxe4+ Nxe4 33. Rxa6 c5 34. Rc6 Rd1+ 35. Kh2 Rc1 36. f3 Nf2 37. Nf5 c4 38. Kg3 Nh1+ 39. Kf4 c3 40. Ke3 c2 41. Kd2 Rg1 42. Rxc2 Rxg2+ 43. Kd3 Rxc2 44. Kxc2 Kg6 45. Kd3 Kxf5 46. Ke3 g5 47. f4 gxf4+ 48. Kf3 Ng3 49. h4 h5 50. Kg2 Kg4 51. Kh2 Kf3 52. Kg1 Ke3 53. Kh2 Nf5 54. Kg1 f3 55. Kh2 f2 56. Kh3 f1=Q+ 57. Kh2 Qf2+ 58. Kh1 Ng3# 0-1


[Site "https://www.chess.com"]

[Event "Titled Tuesday Blitz October 18 Late 2022"]
[White "Sadhwani, Raunak"]
[Black "Mikhailov, Viacheslav"]
[WhiteFideId "35093487"]
[BlackFideId "4187369"]
[WhiteElo "2656"]
[BlackElo "2381"]
[Result "1-0"]
[Round "05"]
[TimeControl "180+1"]
[Date "2022.10.18"]
[WhiteClock "0:02:13"]
[BlackClock "0:00:52"]

1. e3 Nf6 2. b3 g6 3. Bb2 Bg7 4. c4 O-O 5. Nf3 d6 6. d4 c5 7. Be2 cxd4 8. exd4 d5 9. O-O Nc6 10. h3 Bf5 11. Nbd2 Nb4 12. Bc3 a5 13. a3 Nd3 14. g4 Be4 15. Nxe4 dxe4 16. Bxd3 exd3 17. Qxd3 a4 18. b4 b5 19. cxb5 Nd5 20. Bd2 e6 21. Rac1 f5 22. g5 f4 23. Rfe1 Rf5 24. h4 h6 25. Rxe6 hxg5 26. Rxg6 Ne7 27. Rxg5 Rxg5+ 28. Nxg5 Bxd4 29. Qh7+ Kf8 30. Qf7# 1-0


[Site "https://www.chess.com"]

[Event "Titled Tuesday Blitz October 18 Late 2022"]
[White "Sailer, Mike"]
[Black "Ardila, Oscar Humberto"]
[WhiteFideId "2012901"]
[BlackFideId "4404742"]
[WhiteElo "2109"]
[BlackElo "1898"]
[Result "0-1"]
[Round "05"]
[TimeControl "180+1"]
[Date "2022.10.19"]
[WhiteClock "0:00:02"]
[BlackClock "0:00:24"]

1. d4 Nf6 2. Bf4 g6 3. Nc3 Bg7 4. e4 d6 5. Qd2 h6 6. O-O-O Nh5 7. Be3 Nc6 8. Be2 Nf6 9. h4 e5 10. d5 Nb8 11. h5 g5 12. f3 Nh7 13. g4 O-O 14. Kb1 a6 15. Nh3 Bf6 16. Nf2 b5 17. Rc1 Nd7 18. Rhe1 Nc5 19. Nh1 b4 20. Nd1 a5 21. Ng3 Qe8 22. Bc4 Qa4 23. Qe2 Rb8 24. Bxc5 dxc5 25. Ne3 Bg7 26. Ngf5 Bxf5 27. Nxf5 Nf6 28. Ne7+ Kh8 29. Nc6 Rb6 30. Nxe5 Qe8 31. Nc6 Nd7 32. e5 Rxc6 33. dxc6 Nxe5 34. Bd3 Qxc6 35. Qe4 Qxe4 36. Bxe4 Nc4 37. c3 bxc3 38. bxc3 Rb8+ 39. Ka1 a4 40. Bd5 Na3 41. Bxf7 Nb5 42. Re8+ Rxe8 43. Bxe8 Nxc3 44. Re1 a3 45. Re7 Nd5+ 46. Kb1 Nxe7 0-1


[Site "https://www.chess.com"]

[Event "Titled Tuesday Blitz October 18 Late 2022"]
[White "Sala, Giulia"]
[Black "O`Gorman, Tom"]
[WhiteFideId "2840451"]
[BlackFideId "2508249"]
[WhiteElo "1769"]
[BlackElo "2271"]
[Result "0-1"]
[Round "05"]
[TimeControl "180+1"]
[Date "2022.10.19"]
[WhiteClock "0:00:50"]
[BlackClock "0:01:45"]

1. e4 c6 2. e5 d5 3. exd6 exd6 4. g3 Nf6 5. Bg2 d5 6. d4 Bd6 7. Nf3 O-O 8. O-O Bf5 9. c3 h6 10. Be3 Re8 11. Qc1 Nbd7 12. Nbd2 Nf8 13. Nb3 Qd7 14. Nc5 Qc8 15. Rd1 Ng6 16. Nd3 Ne4 17. Bf4 Nxf4 18. Nxf4 Bg4 19. Re1 Qc7 20. Ne5 Bxe5 21. dxe5 Rxe5 22. f3 Qb6+ 23. Qe3 Qxb2 24. fxe4 dxe4 25. Qd4 Rae8 26. Reb1 Qc2 27. Rc1 Qb2 28. Rcb1 Qa3 29. Rxb7 e3 30. Rxa7 Qb2 31. Re1 Qf2+ 32. Kh1 Qxe1+ 0-1


[Site "https://www.chess.com"]

[Event "Titled Tuesday Blitz October 18 Late 2022"]
[White "Saravana, Krishnan P."]
[Black "Kobla, Vishal"]
[WhiteFideId "5018382"]
[BlackFideId "2078457"]
[WhiteElo "2155"]
[BlackElo "1972"]
[Result "1-0"]
[Round "05"]
[TimeControl "180+1"]
[Date "2022.10.19"]
[WhiteClock "0:00:49"]
[BlackClock "0:00:56"]

1. e4 c5 2. Nf3 Nc6 3. Bb5 e6 4. O-O Nge7 5. d4 cxd4 6. Nxd4 a6 7. Be2 b5 8. a4 Nxd4 9. Qxd4 Nc6 10. Qc3 b4 11. Qg3 h5 12. Bg5 Qa5 13. Nd2 d5 14. Nb3 Qb6 15. exd5 exd5 16. Rae1 Be6 17. Bf4 h4 18. Qg5 Qd8 19. Bf3 Be7 20. Qxg7 Bf6 21. Qg4 Kd7 22. Nc5+ Kc8 23. Rxe6 1-0


[Site "https://www.chess.com"]